 Dungeon Crawl Stone Soup version 0.27.0-66-gdc8fb28755 (webtiles) character file.

Game seed: 13283312155566181474

134 eliilek the Chopper (level 5, -3/47 HPs)
             Began as a Hill Orc Fighter on Aug 17, 2021.
             Slain by an orc (5 damage)
             ... on level 3 of the Dungeon on Aug 19, 2021.
             The game lasted 00:07:23 (2141 turns).

eliilek the Chopper (Hill Orc Fighter)              Turns: 2141, Time: 00:07:24

Health: -3/47      AC:  7    Str: 20    XL:     5   Next: 17%
Magic:  5/5        EV:  7    Int:  8    God:
Gold:   95         SH:  9    Dex: 10    Spells: 4/4 levels left

rFire    . . .     SeeInvis .   a - +0 war axe
rCold    . . .     Faith    .   c - +0 kite shield
rNeg     . . .     Spirit   .   b - +0 scale mail
rPois    .         Reflect  .   (no helmet)
rElec    .         Harm     .   (no cloak)
rCorr    .         Rampage  .   (no gloves)
Will     .....                  (no boots)
Stlth    ..........             h - amulet of the acrobat
HPRegen  0.15/turn              (no ring)
MPRegen  0.09/turn              (no ring)

@: no status effects
A: no striking features
a: no special abilities


You were on level 3 of the Dungeon.
You visited 1 branch of the dungeon, and saw 4 of its levels.

You collected 95 gold pieces.

Inventory:

Hand Weapons
 a - a +0 war axe (weapon)
Armour
 b - a +0 scale mail (worn)
 c - a +0 kite shield (worn)
Jewellery
 h - an amulet of the acrobat (around neck)
Scrolls
 e - a scroll of identify {unknown}
 g - a scroll of magic mapping {unknown}
 k - a scroll of teleportation {unknown}
 m - a scroll of enchant armour {unknown}
Potions
 d - a potion of might
 f - 2 potions of berserk rage {unknown}
 i - a potion of invisibility {unknown}
 j - a potion of cancellation {unknown}
 l - a potion of resistance {unknown}


   Skills:
 + Level 4.3 Fighting
 * Level 4.5 Axes
 + Level 3.9 Armour
 * Level 4.4 Shields


You had 4 spell levels left.
You didn't know any spells.
Your spell library was empty.

Dungeon Overview and Level Annotations

Branches:
Dungeon (4/15)
 Temple: D:4-7

Altars:


Message History

You are confused.
Sorry, you're not good enough to have a special ability.
You feel better.
You barely miss something.
An orc wizard appears from thin air!
Reactivating autopickup.
You block the orc wizard's attack.
You hit the orc.
The orc is lightly wounded.
The orc hits you but does no damage.
The orc shouts!
You slash the orc!
You kill the orc!
You hit the orc wizard but do no damage.
You block the orc wizard's attack.
The orc wizard gestures wildly while chanting.
The orc wizard flickers and vanishes!
Deactivating autopickup; reactivate with Ctrl-A.
Your scale mail prevents you from hitting something.
Something hits you but does no damage.
You miss something. Something hits you.
* * * LOW HITPOINT WARNING * * *
Something hits you but does no damage.
You miss something. Something hits you but does no damage.
You slash something! Something hits you.
* * * LOW HITPOINT WARNING * * *
Something hits you.
* * * LOW HITPOINT WARNING * * *
You miss something. Something hits you but does no damage.
You slash something!
Reactivating autopickup.
You feel a bit more experienced.
You have reached level 5!
You feel stronger.
You hit the orc but do no damage. The orc barely misses you.
The orc hits you with a +0 hand axe.
* * * LOW HITPOINT WARNING * * *
You hit the orc.
The orc is heavily wounded.
The orc hits you with a +0 hand axe.
You die...

. #.#.....# #.##
. #.#.....# #..#
. #.####### ##.#
..# #.# ### #)#
#)# #)# #.# #@#
#o# #o# #.#
#.######
###......#
.######........#
........##(....#
.#########>....#


You could see 2 orcs.

Vanquished Creatures
  An orc wizard (D:3)
  Terence (D:2)
  3 gnolls (D:3)
  A worm (D:2)
  A dart slug (D:2)
  An orc (D:3)
  3 bats
  7 endoplasms
  5 giant cockroaches
  4 goblins
  3 hobgoblins
  2 kobolds (D:1)
  4 quokkas
  4 ball pythons
  4 frilled lizards
  8 rats
52 creatures vanquished.

Vanquished Creatures (others)
  9 plants (D:1)
9 creatures vanquished.

Grand Total: 61 creatures vanquished

Notes
Turn   | Place    | Note
-------+----------+-------------------------------------------
     0 | D:1      | eliilek the Hill Orc Fighter began the quest for the Orb.
     0 | D:1      | Reached XP level 1. HP: 19/19 MP: 1/1
   253 | D:1      | Reached XP level 2. HP: 27/27 MP: 2/2
   514 | D:1      | Reached XP level 3. HP: 29/33 MP: 1/3
  1054 | D:2      | Upgraded the game from 0.27.0-1-g7a089689b8 to
                  | 0.27.0-66-gdc8fb28755
  1140 | D:2      | Found a faded altar of an unknown god.
  1487 | D:2      | Noticed Terence
  1508 | D:2      | Killed Terence
  1509 | D:2      | Reached XP level 4. HP: 11/40 MP: 4/4
  2123 | D:3      | HP: 2/40 [something (1)]
  2140 | D:3      | Reached XP level 5. HP: 6/47 MP: 5/5
  2140 | D:3      | HP: 1/47 [orc (5)]
  2141 | D:3      | Slain by an orc

Illustrated notes

Levels and vault maps discovered:
D:1:      onia_arrival_handbag, layout_rooms, serial_bayou_lagoon_a,
          hangedman_decor_growths, minmay_distorted
D:2:      layout_rooms, ebering_ecumenical_altar_mist, minivault_24,
          chequers_serial_rivers_micro_d, kennysheep_boxes, uniq_terence
D:3:      layout_rooms, uniq_grinder
D:4:      layout_layer_cave, nicolae_vehumet_altar_sigil, temple_doors_e,
          uniq_pikel, uniq_edmund

Skill      XL: |  1  2  3 |
---------------+----------+-----
Axes           | 3 4 |  4.5
Fighting       | 4 |  4.3
Shields        | 4 |  4.4
Armour         | |  3.9

Action                   |  1- 3 |  4- 6 || total
-------------------------+-------+-------++-------
Melee: War axe           |   121 |    45 ||   166
  Use: Potion            |       |     1 ||     1
Armor: Scale mail        |    30 |    22 ||    52
Dodge: Dodged            |    38 |    15 ||    53
Block: Kite shield       |    37 |    12 ||    49
